AoeStats
← Rigby231231

Arena

510909358Analyzed
2v2 RM · 12h ago on Oct 3, 2026· 51m 6s· 4 players
Game mode
Random Map
Map size
Medium (4 player)
Population
200
Speed
Normal
Resources
Standard
Victory
Conquest
Starting age
Dark Age
Ending age
Imperial Age
RankedLock teamsTeams togetherTeam positionsShared explorationLock speedFull tech treeHidden civsTurbo modeCheats
Victory
Defeat
🇷🇺 Bohemians · Russia
793
+16
🇺🇸 Byzantines · United States
762
+17
🇨🇴 Magyars · Colombia
897
-58
🇨🇴 Malay · Colombia
695
-13
Rigby231231
12:37 Feudal Age
11:28 Loom
14:13 Double-Bit Axe
24:25 Castle Age
22:30 Gold Mining
23:38 Horse Collar
23:54 Stone Mining
29:00 Bow Saw
31:44 Gold Shaft Mining
31:46 Stone Shaft Mining
37:04 Imperial Age
37:11 Imperial Age
34:35 Pikeman
35:16 Squires
36:45 Forging
37:04 Conscription
36:07 Elite Karambit Warrior
36:28 Halberdier
39:03 Elite Battle Elephant
39:50 Husbandry
39:24 Elite Skirmisher
39:32 Crossbowman
40:20 Thumb Ring
40:20 Padded Archer Armor
40:10 Fletching
40:56 Iron Casting
42:11 Arbalester
Ykkur
1:39 Loom
2:56 Loom
10:53 Feudal Age
11:19 Double-Bit Axe
12:10 Wheelbarrow
12:44 Horse Collar
18:30 Castle Age
20:01 Scale Barding Armor
20:15 Heavy Plow
21:13 Bow Saw
25:59 Gold Mining
26:36 Treadmill Crane
27:54 Bloodlines
27:48 Husbandry
29:22 Chain Barding Armor
29:43 Wheelbarrow
28:51 Light Cavalry
33:52 Imperial Age
32:09 Hand Cart
33:33 Stone Mining
34:02 Town Watch
34:39 Siege Engineers
34:37 Corvinian Army
34:11 Cavalier
35:30 Plate Barding Armor
36:02 Crop Rotation
36:35 Two-Man Saw
35:35 Paladin
36:21 Corvinian Army
38:03 Conscription
38:04 Fletching
40:39 Murder Holes
41:48 Elite Magyar Huszar
nicolasvillassanta15
13:28 Feudal Age
19:46 Castle Age
18:06 Double-Bit Axe
18:46 Gold Mining
18:41 Horse Collar
21:36 Heavy Plow
23:35 Bow Saw
26:08 Elite Skirmisher
26:45 Fletching
34:22 Imperial Age
31:39 Loom
32:29 Wheelbarrow
32:43 Gold Shaft Mining
32:01 Stone Mining
32:57 Bodkin Arrow
33:12 Forging
33:03 Padded Archer Armor
33:37 Thumb Ring
34:18 Stone Shaft Mining
34:44 Hand Cart
35:09 Iron Casting
34:08 Pikeman
35:22 Bracer
36:40 Conscription
36:47 Leather Archer Armor
36:44 Scale Barding Armor
38:01 Chemistry
37:22 Ballistics
37:52 Crop Rotation
37:10 Elite Varangian Guard
38:27 Scale Mail Armor
40:00 Chain Mail Armor
43:21 Plate Mail Armor
47:24 Gambesons
47:40 Squires
47:25 Arson
47:17 Halberdier
X-you
0:32 Loom
3:02 Loom
11:00 Feudal Age
11:55 Double-Bit Axe
12:52 Wheelbarrow
12:10 Horse Collar
22:16 Castle Age
23:25 Bow Saw
23:18 Heavy Plow
23:37 Hand Cart
23:32 Pikeman
24:15 Squires
30:39 Imperial Age
30:49 Chemistry
30:11 Ballistics
29:50 Fletching
30:01 Padded Archer Armor
32:50 Halberdier
32:54 Elite Hussite Wagon
34:55 Wagenburg Tactics
35:11 Conscription
37:02 Scale Mail Armor
37:18 Leather Archer Armor
37:14 Forging
37:00 Bodkin Arrow
39:06 Two-Man Saw
38:58 Houfnice
40:24 Siege Engineers
42:27 Chain Mail Armor
42:43 Ring Archer Armor
42:49 Iron Casting
42:15 Bracer
Connection lost

Rejoining the realm…

Still unreachable

The connection could not be restored.

Session expired

The server has moved on; the page needs a fresh start.